 Dungeon Crawl Stone Soup version 0.17.0-28-g6e173f8 (webtiles) character file.

973 ketsa the Stinger (level 8, -6/46 HPs)
             Began as an Octopode Venom Mage on Nov 29, 2015.
             Mangled by a water moccasin (9 damage)
             ... on level 7 of the Dungeon.
             The game lasted 00:28:57 (7562 turns).

ketsa the Stinger (Octopode Venom Mage)             Turns: 7562, Time: 00:28:57

Health: -6/46      AC:  1    Str:  7    XL:     8   Next: 16%
Magic:  5/14       EV: 13    Int: 20    God:
Gold:   304        SH:  0    Dex: 12    Spells: 3 memorised, 9 levels left

rFire  . . .     SeeInvis .     d - +2 short sword (flame)
rCold  . . .     Clarity  .     (no shield)
rNeg   . . .     SustAt   .     (helmet restricted)
rPois  .         Gourm    .     (no amulet)
rElec  .         Spirit   .     f - ring of wizardry
rCorr  .         Warding  .     (no ring)
rMut   .         Stasis   .     (no ring)
MR     .....                    (no ring)
Stlth  +++.......               (no ring)
                                (no ring)
                                (no ring)
                                (no ring)

@: not resistant to hostile enchantments, fairly stealthy
A: almost no armour, amphibious, 8 rings, constrict 8, camouflage 1, gelatinous
body 1
a: no special abilities


You were on level 7 of the Dungeon.
You were not hungry.

You visited 2 branches of the dungeon, and saw 8 of its levels.

You collected 304 gold pieces.

Inventory:

Hand Weapons
 d - a +2 short sword of flaming (weapon)
 e - a +0 dagger
 g - a +0 dagger
 r - a +0 hand axe
Missiles
 k - 148 stones (quivered)
 n - 2 tomahawks of dispersal
Armour
 z - a +0 shield
Jewellery
 f - a ring of wizardry (left tentacle)
 y - an uncursed ring of ice
Scrolls
 c - a scroll of teleportation {unknown}
 i - 2 scrolls of immolation {unknown}
 j - 3 scrolls of recharging
 l - a scroll of random uselessness {unknown}
 m - 2 scrolls of remove curse {unknown}
 q - 2 scrolls of fog {unknown}
 s - 2 scrolls of fear {unknown}
 t - a scroll of enchant weapon {unknown}
 v - 2 scrolls of enchant armour {unknown}
 w - a scroll of noise {unknown}
Potions
 h - a potion of resistance {unknown}
 o - 3 potions of heal wounds
 p - 2 potions of curing
 u - a potion of brilliance {unknown}
 x - a potion of degeneration {unknown}
Books
 a - a Young Poisoner's Handbook

   Spells                             Type                      Level
   a - Sting                          Conjuration/Poison           1
   b - Cure Poison                    Poison                       2
   c - Mephitic Cloud                 Conjuration/Poison/Air       3
   d - Olgreb's Toxic Radiance        Poison                       4
   e - Venom Bolt                     Conjuration/Poison           5
Comestibles
 b - 6 bread rations


   Skills:
 - Level 2.0 Short Blades
 + Level 4.2 Dodging
 - Level 3.4 Stealth
 + Level 4.0 Spellcasting
 + Level 3.3 Conjurations
 - Level 3.0 Air Magic
 + Level 7.3 Poison Magic


You had 9 spell levels left.
You knew the following spells:

 Your Spells              Type           Power        Failure   Level  Hunger
a - Sting                 Conj/Pois      ####         1%          1    None
b - Cure Poison           Pois           ####......   1%          2    #......
c - Mephitic Cloud        Conj/Pois/Air  ###.....     3%          3    ###....


Dungeon Overview and Level Annotations

Branches:
Dungeon (7/15)             Temple (1/1) D:4

Altars:
Ashenzari
Cheibriados
Dithmenos
Elyvilon
Gozag
Kikubaaqudgha
Makhleb
Nemelex Xobeh
Okawaru
Qazlal
Ru
Sif Muna
Vehumet
Xom
Yredelemnul
Zin
The Shining One

Shops:
D:6 :

Annotations:
D:6 M4edhros's ghost, novice OpAr


Innate Abilities, Weirdness & Mutations

You cannot wear most types of armour.
You are amphibious.
You can wear up to eight rings at the same time.
You can use your tentacles to constrict eight enemies at once.
Your skin changes colour to match your surroundings (Stealth).
Your rubbery body absorbs attacks (AC +1).


Message History

* * * LOW HITPOINT WARNING * * *
You completely miss the water moccasin. Your grab misses the water moccasin.
The water moccasin is severely wounded.
The water moccasin barely misses you.
You barely miss the water moccasin. Your grab misses the water moccasin.
The water moccasin is severely wounded.
The water moccasin completely misses you.
You miss the water moccasin. Your grab misses the water moccasin.
The water moccasin is severely wounded.
The water moccasin closely misses you. The water moccasin bites you!
* * * LOW HITPOINT WARNING * * *
You hit the water moccasin. You burn the water moccasin.
Your grab misses the water moccasin.
The water moccasin is almost dead.
The water moccasin closely misses you.
You hit the water moccasin. You burn the water moccasin.
Your grab misses the water moccasin.
The water moccasin is almost dead.
The water moccasin misses you. The water moccasin bites you!
You die...

#..#.#
#..#.
###..#.
.....
....
#..###
#....#
#@#
......S.#
##.......
#.######.
# .# #


You could see a water moccasin.

Vanquished Creatures
  A centaur (D:6)
  2 ogres
  2 scorpions
  A vampire bat (D:3)
  2 orc priests
  A jelly (D:6)
  3 orc wizards
  A hound (D:4)
  An iguana (D:4)
  5 worker ants
  A mummy (D:5)
  4 adders
  A shadow imp (D:6)
  4 gnolls (D:3)
  An ooze (D:2)
  2 worms (D:2)
  2 giant geckos
  14 orcs
  4 bat skeletons (D:3)
  A bat zombie (D:3)
  5 giant cockroaches
  6 hobgoblins
  6 jackals
  9 kobolds
  2 quokkas
  A ball python (D:4)
  5 bats
  5 giant newts
  15 goblins
  2 hobgoblin zombies (D:5)
  A jackal skeleton (D:5)
  9 rats
  3 butterflies (D:4)
122 creatures vanquished.

Notes
Turn   | Place    | Note
--------------------------------------------------------------
     0 | D:1      | ketsa the Octopode Venom Mage began the quest for the Orb.
     0 | D:1      | Reached XP level 1. HP: 11/11 MP: 3/3
   191 | D:1      | Reached skill level 5 in Poison Magic
   421 | D:1      | Reached XP level 2. HP: 17/17 MP: 3/5
  1018 | D:1      | Learned a level 2 spell: Cure Poison
  1390 | D:2      | Reached XP level 3. HP: 21/21 MP: 4/6
  1983 | D:2      | Learned a level 3 spell: Mephitic Cloud
  2116 | D:2      | Reached XP level 4. HP: 18/27 MP: 3/7
  2335 | D:2      | Reached skill level 6 in Poison Magic
  2929 | D:3      | Reached skill level 1 in Air Magic
  2975 | D:3      | Found a shimmering altar of Xom.
  3277 | D:3      | Reached skill level 1 in Conjurations
  3277 | D:3      | Reached XP level 5. HP: 31/31 MP: 3/8
  3466 | D:3      | Found an ancient bone altar of Kikubaaqudgha.
  3471 | D:3      | Reached skill level 1 in Short Blades
  3719 | D:4      | Found a burning altar of Makhleb.
  3726 | D:4      | Reached XP level 6. HP: 32/36 MP: 10/10
  4161 | D:4      | Reached XP level 7. HP: 29/41 MP: 11/11
  4292 | D:4      | Found a staircase to the Ecumenical Temple.
  4317 | Temple   | Entered the Ecumenical Temple
  4776 | D:5      | Entered Level 5 of the Dungeon
  4917 | D:5      | Found a shattered altar of Ashenzari.
  5171 | D:5      | Found a sacrificial altar of Ru.
  5231 | D:5      | Found a sand-covered staircase.
  5465 | D:5      | Found a glowing golden altar of the Shining One.
  5684 | D:5      | Reached skill level 7 in Poison Magic
  6141 | D:6      | Noticed M4edhros's ghost (novice OpAr)
  6787 | D:6      | Reached XP level 8. HP: 40/46 MP: 11/13
  7094 | D:6      | Found Satrexor's Book Shop.
  7560 | D:7      | HP: 2/46 [water moccasin (10)]
  7562 | D:7      | Mangled by a water moccasin

Action                   |  1- 3 |  4- 6 |  7- 9 || total
-------------------------+-------+-------+-------++-------
Melee: Unarmed           |     7 |       |       ||     7
       Short sword       |    13 |    65 |   104 ||   182
Throw: Stone             |     1 |       |     6 ||     7
       Tomahawk          |       |       |     2 ||     2
 Cast: Sting             |    65 |    51 |    43 ||   159
       Cure Poison       |       |     1 |     6 ||     7
       Mephitic Cloud    |       |     1 |     8 ||     9
  Use: Scroll            |       |       |     4 ||     4
 Stab: Sleeping          |     3 |     8 |     7 ||    18
       Distracted        |       |     2 |       ||     2
       Confused          |       |       |     1 ||     1
  Eat: Chunk             |     4 |     7 |     6 ||    17
       Meat ration       |       |       |     1 ||     1
